 Dungeon Sprint DCSS version 0.23-a0-270-gab6feb3 (webtiles) character file.

152 Felrender the Skirmisher (level 5, 53/53 HPs)
             Began as a Minotaur Fighter on Sept 30, 2018.
             Was an Initiate of Sif Muna.
             Quit the game in the Dungeon (Sprint IX: "|||||||||||||||||||||||||||||").
             The game lasted 00:01:08 (201 turns).

Felrender the Skirmisher (Minotaur Fighter)          Turns: 201, Time: 00:01:09

Health: 53/53      AC:  7    Str: 21    XL:     5   Next: 11%
Magic:  4/4        EV:  8    Int:  5    God:    Sif Muna [......]
Gold:   0          SH: 11    Dex: 10    Spells: 4/4 levels left

rFire    . . .     SeeInvis .   a - +0 long sword
rCold    . . .     Gourm    .   c - +0 shield
rNeg     . . .     Faith    .   b - +0 scale mail
rPois    .         Spirit   .   (helmet restricted)
rElec    .         Reflect  .   (no cloak)
rCorr    .         Harm     .   (no gloves)
MR       .....     NoTele   +   (no boots)
Stlth    ..........             (no amulet)
HPRegen  0.17/turn              (no ring)
MPRegen  0.09/turn              (no ring)

@: no status effects
A: retaliatory headbutt, horns 2
a: Renounce Religion


You were in the Dungeon.
You worshipped Sif Muna.
Sif Muna was noncommittal.
You were not hungry.

You visited 1 branch

Inventory:

Hand Weapons
 a - a +0 long sword (weapon)
Armour
 b - a +0 scale mail (worn)
 c - a +0 shield (worn)
Scrolls
 k - a scroll of blinking
Potions
 d - a potion of might
 g - a potion of heal wounds
 h - a potion of haste
 i - 2 potions of magic
 j - a potion of berserk rage
Comestibles
 f - a ration
 l - 5 chunks of flesh


   Skills:
 + Level 7.7 Fighting
 + Level 5.2 Long Blades
 + Level 7.2 Armour
 + Level 0.9 Dodging
 + Level 7.5 Shields


You had 4 spell levels left.
You didn't know any spells.
Your spell library was empty.

Dungeon Overview and Level Annotations

Branches:
Dungeon (1/1)

Altars:
Cheibriados
Dithmenos
Elyvilon
Fedhas
Gozag
Hepliaklqana
Kikubaaqudgha
Makhleb
Nemelex Xobeh
Okawaru
Qazlal
Ru
Sif Muna
Trog
Uskayaw
Vehumet
Wu Jian
Xom
Yredelemnul
Zin
The Shining One
Beogh
Jiyva
Lugonu


Innate Abilities, Weirdness & Mutations

You reflexively headbutt those who attack you in melee.
You have a pair of horns on your head.


Message History

Found a basalt altar of Yredelemnul.
There is a sacrificial altar of Ru here.
Found a glowing silver altar of Zin.
There is a deep blue altar of Sif Muna here.
Found a glowing golden altar of the Shining One.
There is a bloodstained altar of Trog here.
There is a deep blue altar of Sif Muna here.
There is a sacrificial altar of Ru here.
There is a stormy altar of Qazlal here.
There is an iron altar of Okawaru here.
There is a stormy altar of Qazlal here.
There is a sacrificial altar of Ru here.
There is a deep blue altar of Sif Muna here.
You kneel at the altar of Sif Muna.
Sif Muna welcomes you!
There is a bloodstained altar of Trog here.
There is a deep blue altar of Sif Muna here.
Unknown command.
Press < or > to pray at altars.
Are you sure you want to abandon this character and quit the game? (Confirm

▓_▓
▓_▓
▓_▓
▓_▓
▓_▓
▓_▓
▓_▓
▓_▓
▓@▓
▓_▓
▓_▓
▓_▓
▓_▓
▓_▓
▓_▓
▓_▓
▓_▓


There were no monsters in sight!

Vanquished Creatures
  An ogre (D)
  A scorpion (D)
  An adder (D)
  A shadow imp (D)
  A bat (D)
  A giant cockroach (D)
  A goblin (D)
  3 rats (D)
10 creatures vanquished.

Vanquished Creatures (others)
  A spatial maelstrom (D)
1 creature vanquished.

Grand Total: 11 creatures vanquished

Notes
Turn   | Place    | Note
-------+----------+-------------------------------------------
     0 | D        | Felrender the Minotaur Fighter began the quest for the Orb.
     0 | D        | Reached XP level 1. HP: 19/19 MP: 0/0
     8 | D        | Banished a spatial maelstrom
    27 | D        | Noticed an ogre
    27 | D        | Noticed a scorpion
    31 | D        | Killed an ogre
    31 | D        | Reached XP level 2. HP: 18/31 MP: 1/1
    31 | D        | Reached XP level 3. HP: 23/38 MP: 2/2
    31 | D        | Reached XP level 4. HP: 27/45 MP: 3/3
    40 | D        | Reached skill level 5 in Long Blades
    49 | D        | Reached XP level 5. HP: 32/52 MP: 4/4
   170 | D        | Found a roughly hewn altar of Beogh.
   170 | D        | Found a snail-covered altar of Cheibriados.
   170 | D        | Found a shadowy altar of Dithmenos.
   170 | D        | Found a white marble altar of Elyvilon.
   170 | D        | Found a blossoming altar of Fedhas.
   170 | D        | Found an opulent altar of Gozag.
   171 | D        | Found a hazy altar of Hepliaklqana.
   172 | D        | Found a viscous altar of Jiyva.
   173 | D        | Found an ancient bone altar of Kikubaaqudgha.
   176 | D        | Found a corrupted altar of Lugonu.
   177 | D        | Found a burning altar of Makhleb.
   178 | D        | Found a sparkling altar of Nemelex Xobeh.
   179 | D        | Found an iron altar of Okawaru.
   180 | D        | Found a stormy altar of Qazlal.
   181 | D        | Found a sacrificial altar of Ru.
   182 | D        | Found a deep blue altar of Sif Muna.
   183 | D        | Found a bloodstained altar of Trog.
   184 | D        | Found a hide-covered altar of Uskayaw.
   185 | D        | Found a radiant altar of Vehumet.
   186 | D        | Found an ornate altar of the Wu Jian Council.
   187 | D        | Found a shimmering altar of Xom.
   188 | D        | Found a basalt altar of Yredelemnul.
   189 | D        | Found a glowing silver altar of Zin.
   190 | D        | Found a glowing golden altar of the Shining One.
   198 | D        | Became a worshipper of Sif Muna the Loreminder
   201 | D        | Quit the game

Vault maps used:
D:        linesprint

Skill      XL: |  1  2  3  4 |
---------------+-------------+-----
Armour         | 6 7 |  7.2
Fighting       | 6 7 |  7.7
Shields        | 6 7 |  7.5
Long Blades    | 4 5 |  5.2
Dodging        | |  0.9

Action                   |  1- 3 |  4- 6 || total
-------------------------+-------+-------++-------
Melee: Long sword        |    15 |    21 ||    36
       Headbutt          |     3 |     6 ||     9
  Use: Potion            |       |     1 ||     1
Armor: Scale mail        |     5 |    10 ||    15
Dodge: Dodged            |     4 |     4 ||     8
Block: Shield            |     7 |     8 ||    15
       Rpst.: Long sword |     1 |       ||     1

Table legend:
 A = Non-vault XP
 B = Vault XP
 C = Vault XP percentage of total XP
 D = Non-vault monster count
 E = Vault monster count
 F = Vault count percentage of total count
                 A         B        C        D         E       F
            +---------+---------+-------+---------+---------+-------
      Total |       0 |     218 | 100.0 |       0 |      10 | 100.0
            +---------+---------+-------+---------+---------+-------
          D |       0 |     218 | 100.0 |       0 |      10 | 100.0
            +---------+---------+-------+---------+---------+-------
